Map: Deathaura LE

Players

Epic

  • Race: Terran Terran
  • League: Grandmaster
  • Spawn Location: 11:00

Vindicta - Winner!

  • Race: Terran Terran
  • League: Master
  • Spawn Location: 5:00

Event: The Miserable Cup

VOD

Have the link to the VOD?

Description

Time

  • Played on: June 18, 2020, 12:26 p.m.
  • Length: 15:50

All games in this series

Show
View Real Time Build Order
Export as new Build Order

Epic Terran 

Build Orders: Gas First Reaper Expand 

Get SALT Encoding   

  12  0:00  SCV  
  13  0:12  SCV  
  14  0:17  Supply Depot  
  14  0:25  SCV  
  14  0:27  Refinery  
  15  0:38  SCV  
  16  0:44  Barracks  
  16  0:50  SCV  
  17  1:02  SCV  
  18  1:15  SCV  
  19  1:30  Orbital Command  
  19  1:31  Reaper  
  20  1:51  Command Center  
  20  1:56  SCV  
  20  2:00  Factory  
  21  2:05  Barracks Reactor  
  22  2:08  SCV  
  22  2:13  Supply Depot  
  22  2:19  Refinery  
  22  2:21  SCV  
  23  2:35  SCV  
  24  2:41  Marine x2  
  26  2:47  SCV  
  26  2:51  Hellion  
  28  2:52  Starport  
  28  2:59  SCV, Marine x2  
  31  3:06  Orbital Command  
  30  3:14  SCV  
  30  3:17  Marine x2  
  32  3:24  Factory Tech Lab  
  32  3:26  SCV  
  33  3:33  SCV  
  34  3:35  Marine x2  
  34  3:38  SCV  
  35  3:43  Viking, Cyclone  
  35  3:45  SCV  
  41  3:49  Supply Depot  
  41  3:54  Marine x2  
  42  3:56  SCV  
  42  3:57  SCV  
  44  4:14  SCV  
  44  4:15  SCV  
  46  4:17  Marine x2  
  46  4:20  Supply Depot  
  46  4:21  Raven, Factory Tech Lab  
  50  4:26  Refinery  
  50  4:27  SCV x2  
  52  4:37  Command Center  
  52  4:39  SCV x2  
  52  4:41  Marine x2  
  52  4:45  Siege Tank  
  59  4:51  SCV x2  
  57  5:03  SCV x2, Supply Depot, Refinery  
  59  5:12  Viking, Engineering Bay x2  
  61  5:15  SCV  
  61  5:21  SCV  
  62  5:25  Viking, Siege Tank  
  62  5:28  Supply Depot  
  67  5:29  Stimpack, Marine  
  67  5:33  SCV x2  
  70  5:46  Terran Infantry Weapons Level 1, Terran Infantry Armor Level 1  
  70  5:47  Barracks x2  
  70  5:49  SCV x2  
  72  5:53  Orbital Command  
  72  5:58  Viking  
  72  6:03  Viking  
  76  6:06  SCV x2  
  78  6:13  Siege Tank  
  81  6:19  SCV x2  
  81  6:20  Marine  
  81  6:21  Supply Depot  
  83  6:26  SCV  
  84  6:36  Barracks  
  84  6:37  Barracks Reactor x2  
  83  6:40  Viking  
  83  6:41  Viking  
  83  6:44  SCV x3, Barracks  
  90  6:48  Siege Tank  
  90  6:50  Orbital Command, Marine  
  90  6:53  Supply Depot  
  94  6:59  Armory  
  94  7:00  SCV x2  
  96  7:11  Marine  
  96  7:12  Viking x2  
  101  7:16  SCV x3  
  101  7:19  Marine x4  
  108  7:24  Refinery  
  108  7:26  Supply Depot  
  108  7:27  Combat Shield, Refinery  
  108  7:28  Supply Depot  
  109  7:30  SCV  
  109  7:40  Supply Depot x2  
  109  7:45  Barracks Reactor x2  
  109  7:47  SCV x3  
  112  7:52  Marine x2  
  112  7:53  Marine x3  
  112  7:54  Terran Infantry Weapons Level 2  
  112  7:57  Terran Infantry Armor Level 2  
  117  7:59  SCV x2  
  117  8:01  SCV  
  117  8:04  Supply Depot  
  120  8:06  Supply Depot  
  120  8:07  Terran Vehicle Weapons Level 1  
  120  8:10  Siege Tank  
  120  8:11  SCV  
  124  8:19  Marine x2  
  124  8:20  Marine x3  
  129  8:29  Marine x4  
  133  8:35  Supply Depot, Liberator  
  133  8:37  Marine x2  
  133  8:38  Command Center  
  133  8:39  Liberator  
  141  8:45  Supply Depot  
  141  8:46  Supply Depot, Siege Tank  
  144  8:51  Marine x5  
  144  8:52  Marine  
  144  8:55  Marine x3  
  151  9:09  Marine x6  
  156  9:15  SCV x3  
  157  9:17  Command Center  
  157  9:24  Marine x3  
  157  9:27  Marine x6  
  157  9:29  Supply Depot x2  
  157  9:30  Medivac x2, Siege Tank  
  173  9:38  Factory  
  170  9:49  Marine  
  170  9:50  Marine x8  
  128  10:01  Medivac  
  128  10:04  Medivac  
  128  10:05  Siege Tank  
  135  10:07  Marine x8  
  135  10:08  Marine  
  135  10:10  Terran Vehicle Weapons Level 2  
  135  10:12  Terran Infantry Weapons Level 3  
  144  10:17  Terran Infantry Armor Level 3  
  144  10:22  Factory Tech Lab  
  144  10:27  Marine  
  144  10:28  Marine x8  
  153  10:40  Siege Tank  
  154  10:45  Marine  
  154  10:47  Siege Tank  
  154  10:48  Medivac x2  
  157  10:58  Marine x8  
  157  11:03  Marine  
  159  11:15  Planetary Fortress  
  159  11:16  Marine x7  
  159  11:17  SCV x3  
  169  11:20  Marine  
  169  11:21  Marine  
  169  11:22  Medivac, Siege Tank  
  176  11:28  Siege Tank  
  179  11:34  Marine x5  
  181  11:42  Marine x4  
  184  11:51  Marine x3  
  184  11:52  Marine x2  
  184  11:53  Medivac x2  
  190  12:00  Marine  
  188  12:05  Marine x3  
  188  12:06  Siege Tank x2  
  197  12:09  Marine x3  
  197  12:15  Command Center  
  200  12:26  Command Center  
  188  12:37  Medivac x2  
  189  12:45  Siege Tank x2  
  189  12:51  Marine x5  
  195  12:54  Terran Vehicle Weapons Level 3  
  196  13:13  Marine x2  
  196  13:16  Marine x6  
  196  13:17  Siege Tank  
  196  13:19  Marine  
  147  13:20  Siege Tank  
  138  13:28  Medivac  
  138  13:29  Medivac  
  138  13:31  Marine x2  
  132  13:42  Barracks x2  
  132  13:43  Barracks  
  132  13:47  Marine x7  
  135  13:48  Marine  
  135  13:49  Siege Tank  
  135  13:51  SCV x4  
  135  13:54  Siege Tank  
  134  14:01  Missile Turret  
  134  14:02  Marine  
  135  14:04  Marine  
  135  14:05  Marine x6  
  135  14:06  Marine  
  138  14:10  Planetary Fortress  
  138  14:12  Planetary Fortress  
  135  14:17  SCV x2  
  135  14:18  SCV x2  
  135  14:20  Marine  
  135  14:22  Marine x3  
  143  14:31  Marine x5  
  136  14:38  Marine  
  110  14:39  Siege Tank x2  
  110  14:40  Marine x3  
  93  14:47  Medivac  
  93  14:48  Marine x3  
  93  14:49  Marine x3  
  89  14:55  SCV, Marine  
  89  15:08  Missile Turret  
  86  15:16  Marine x3  
  79  15:26  Marine x3  
Show
View Real Time Build Order
Export as new Build Order

Vindicta Terran - Winner!

Build Orders:  

Get SALT Encoding   

  12  0:00  SCV  
  13  0:12  SCV  
  14  0:16  Supply Depot  
  14  0:24  SCV  
  14  0:27  Refinery  
  15  0:38  SCV  
  16  0:44  Barracks  
  16  0:50  SCV  
  16  0:56  Refinery  
  17  1:02  SCV  
  18  1:14  SCV  
  19  1:31  Reaper, Orbital Command  
  20  1:40  Factory  
  20  1:49  Supply Depot  
  20  1:56  SCV  
  21  2:03  Reaper  
  22  2:08  SCV  
  23  2:21  SCV  
  24  2:23  Hellion  
  26  2:33  SCV, Bunker  
  27  2:38  Reaper  
  28  2:47  SCV  
  27  2:51  Command Center  
  27  2:53  Hellion  
  27  2:58  Supply Depot  
  29  3:01  SCV  
  30  3:20  Factory Tech Lab  
  30  3:23  Starport  
  30  3:25  Barracks Reactor  
  29  3:28  SCV  
  29  3:36  Refinery  
  29  3:40  SCV  
  30  3:43  Cyclone  
  33  3:52  SCV  
  34  4:00  Starport Tech Lab  
  34  4:03  Marine x2  
  34  4:04  SCV, Orbital Command  
  37  4:16  SCV  
  41  4:18  Raven, Siege Tank  
  41  4:20  Marine  
  41  4:22  Marine  
  44  4:28  SCV  
  44  4:30  SCV  
  46  4:33  Supply Depot  
  46  4:38  Marine  
  46  4:40  SCV, Marine  
  46  4:42  SCV  
  50  4:51  Siege Tank  
  49  4:53  SCV  
  49  4:54  SCV  
  49  4:55  Supply Depot  
  49  4:56  Marine  
  52  5:01  Raven  
  52  5:03  Marine  
  52  5:05  SCV  
  52  5:06  SCV  
  57  5:14  Marine  
  57  5:17  SCV  
  57  5:18  SCV, Supply Depot  
  60  5:23  Siege Tank  
  60  5:25  Marine  
  64  5:29  SCV  
  64  5:31  SCV  
  64  5:32  Marine  
  67  5:37  Command Center  
  67  5:42  Supply Depot  
  67  5:43  SCV, Raven  
  67  5:44  SCV  
  67  5:49  Marine  
  72  5:50  Refinery, Marine  
  72  5:55  SCV  
  72  5:56  Siege Tank  
  77  5:59  SCV  
  78  6:04  Supply Depot  
  78  6:07  SCV  
  78  6:11  SCV  
  80  6:14  Barracks  
  80  6:20  SCV  
  80  6:24  SCV  
  80  6:25  Barracks  
  82  6:28  Siege Tank  
  82  6:31  Engineering Bay  
  82  6:32  SCV  
  83  6:33  Engineering Bay  
  83  6:36  Starport Reactor  
  83  6:39  Stimpack  
  84  6:42  SCV  
  84  6:44  SCV  
  85  6:48  Marine  
  86  6:55  Orbital Command, Barracks  
  86  6:57  Barracks  
  86  6:59  SCV  
  87  7:02  Terran Infantry Weapons Level 1  
  87  7:04  Terran Infantry Armor Level 1  
  87  7:06  Marine  
  87  7:08  SCV  
  89  7:11  SCV  
  89  7:14  Medivac  
  91  7:16  Medivac  
  91  7:21  SCV x2  
  95  7:24  SCV, Sensor Tower  
  95  7:25  Marine  
  97  7:31  Marine  
  97  7:33  Barracks Reactor, SCV x2, Marine  
  97  7:34  Siege Tank  
  97  7:36  SCV  
  105  7:43  Sensor Tower  
  105  7:45  Barracks Reactor x2  
  105  7:50  Refinery  
  106  7:51  Refinery  
  106  7:55  SCV x3, Supply Depot, Marine  
  106  7:56  Marine  
  111  8:00  Armory, Supply Depot  
  111  8:02  Marine  
  111  8:07  SCV  
  111  8:08  Medivac  
  111  8:12  Marine  
  116  8:13  Marine  
  116  8:15  Marine  
  116  8:16  Marine  
  116  8:17  Supply Depot, Siege Tank  
  121  8:22  Marine  
  121  8:23  Supply Depot  
  122  8:28  Marine x2  
  122  8:31  Marine  
  122  8:32  Medivac, Marine  
  122  8:33  Marine x2  
  129  8:34  Combat Shield  
  129  8:35  Marine  
  129  8:39  Marine  
  131  8:42  Marine  
  131  8:46  Marine x2  
  134  8:49  Marine  
  134  8:52  Marine  
  134  8:53  Marine  
  134  8:55  Command Center, Marine  
  138  8:58  Marine x2  
  138  8:59  Siege Tank  
  138  9:01  Marine  
  144  9:02  Medivac  
  144  9:06  SCV  
  145  9:21  Medivac, Terran Infantry Armor Level 2, Terran Infantry Weapons Level 2  
  145  9:24  Supply Depot  
  145  9:30  Marine x2  
  145  9:31  Marine x2  
  147  9:32  Supply Depot  
  147  9:33  Supply Depot  
  149  9:38  Supply Depot  
  149  9:44  Marine x3  
  149  9:45  Medivac, Marine x2, Siege Tank  
  149  9:48  Marine x2  
  149  9:49  Marine x2  
  129  9:59  Terran Vehicle Weapons Level 1  
  124  10:00  Barracks, Sensor Tower  
  124  10:01  Barracks  
  124  10:02  Marine x3  
  124  10:03  Marine  
  124  10:06  Marine x3  
  131  10:07  Marine  
  131  10:10  Missile Turret  
  131  10:14  SCV x2  
  135  10:17  Siege Tank  
  135  10:20  Marine x2  
  139  10:22  Factory  
  139  10:24  Marine  
  139  10:26  SCV x2, Marine  
  139  10:27  Barracks Reactor, Marine x2  
  145  10:35  Planetary Fortress  
  145  10:39  Marine x2  
  145  10:42  Liberator  
  147  10:47  Liberator  
  147  10:48  Marine x3  
  147  10:49  Marine  
  160  10:50  Siege Tank  
  160  10:55  Marine  
  159  11:03  Marine  
  154  11:07  Marine  
  154  11:08  Marine x2  
  154  11:09  Marine x3  
  154  11:10  Marine x3  
  154  11:11  Marine  
  162  11:13  Marine, Siege Tank  
  167  11:21  Marine  
  167  11:22  Siege Tank  
  167  11:23  Refinery  
  167  11:24  Refinery  
  171  11:25  Supply Depot, Marine  
  172  11:36  Missile Turret  
  171  11:42  Missile Turret x2, Marine  
  171  11:43  Missile Turret  
  171  11:45  Siege Tank  
  171  11:46  Liberator x2  
  175  11:48  Marine  
  175  11:53  Marine  
  175  11:54  Marine, Siege Tank  
  161  11:58  Marine x3  
  160  12:11  SCV  
  160  12:14  Terran Infantry Weapons Level 3  
  153  12:16  SCV  
  153  12:17  Siege Tank  
  153  12:18  Marine x5  
  153  12:19  Marine x2  
  153  12:20  Marine  
  163  12:23  SCV, Marine  
  163  12:29  Liberator x2  
  167  12:32  Marine  
  167  12:36  Marine x3  
  159  12:38  Siege Tank  
  159  12:42  Marine  
  161  12:46  Missile Turret  
  161  12:47  Missile Turret  
  161  12:50  Marine x2  
  163  12:52  Marine  
  163  12:53  Marine  
  163  12:54  SCV  
  166  13:04  Marine  
  166  13:05  Marine x2  
  169  13:07  Refinery  
  169  13:09  Marine, Siege Tank  
  169  13:10  Marine  
  169  13:12  Marine  
  174  13:14  Siege Tank  
  174  13:17  Marine  
  174  13:18  Marine x2  
  174  13:19  Marine  
  149  13:23  Marine  
  138  13:28  Marine  
  138  13:29  Marine x3  
  135  13:41  Siege Tank  
  135  13:42  SCV  
  135  13:43  Marine  
  135  13:46  Siege Tank  
  139  13:51  Marine  
  139  13:54  Marine  
  139  13:55  Marine x3  
  144  13:56  Marine  
  144  13:59  SCV  
  142  14:14  Marine x2  
  142  14:16  SCV x4  
  148  14:17  Marine  
  148  14:21  Siege Tank x2  
  148  14:23  Marine  
  156  14:28  Marine  
  156  14:30  Marine  
  144  14:32  Marine  
  144  14:33  Marine x7  
  144  14:35  Marine  
  144  14:36  SCV  
  147  14:41  Marine  
  147  14:43  SCV  
  142  14:45  Marine  
  142  14:48  Marine  
  142  14:50  Marine x3  
  142  14:51  Marine x2  
  148  14:53  Siege Tank x2  
  148  14:55  Marine  
  148  14:57  Marine  
  148  14:58  Marine  
  157  15:00  Marine  
  157  15:03  Marine  
  157  15:06  Marine  
  161  15:08  Medivac, Marine x3  
  161  15:09  Medivac  
  167  15:18  Marine  
  167  15:21  Marine x2  
  155  15:22  Marine  
  155  15:27  Marine x2  
  160  15:28  Marine  
  160  15:29  Marine  
  160  15:31  Marine  
  160  15:32  Marine x3  
  160  15:33  Command Center  
  160  15:34  Refinery  
Tags
 
Add a new tag
Caveats
  • Supply blocks, unpowered buildings, or Contaminate may cause inaccurate times.
  • Supply counts are checked every 10 seconds.